 Dungeon Crawl Stone Soup version 0.22-a0-469-gf26638a (webtiles) character file.

60 Mamutox the Sneak (level 3, -4/18 HPs)
             Began as a Spriggan Enchanter on June 11, 2018.
             Slain by a gnoll
             ... wielding a +0 spear
              (6 damage)
             ... on level 1 of the Dungeon.
             The game lasted 00:17:12 (3968 turns).

Mamutox the Sneak (Spriggan Enchanter)              Turns: 3968, Time: 00:17:14

Health: -4/18      AC:  2    Str:  4    XL:     3   Next: 82%
Magic:  8/8        EV: 18    Int: 16    God:
Gold:   31         SH:  5    Dex: 17    Spells: 4/8 levels left

rFire    . . .     SeeInvis +   a - +1 dagger
rCold    . . .     Gourm    .   o - +0 buckler
rNeg     . . .     Faith    .   b - +0 robe
rPois    .         Spirit   .   (helmet restricted)
rElec    .         Reflect  .   (no cloak)
rCorr    .         Harm     .   (gloves unavailable)
MR       .....                  (boots unavailable)
Stlth    +++.......             (no amulet)
HPRegen  0.06/turn              (no ring)
MPRegen  0.11/turn              (no ring)

@: very quick
A: very small, unfitting armour, see invisible, herbivore, speed 3, slow
metabolism 2
a: no special abilities


You were on level 1 of the Dungeon.
You were not hungry.

You visited 1 branch of the dungeon, and saw 2 of its levels.

You collected 31 gold pieces.

Inventory:

Hand Weapons
 a - a +1 dagger (weapon)
 k - a +0 hunting sling
Missiles
 c - 27 arrows
 e - 44 stones (quivered)
 q - 2 curare-tipped needles
Armour
 b - a +0 robe (worn)
 o - a +0 buckler (worn)
Scrolls
 f - a scroll of blinking {unknown}
 g - 2 scrolls of identify {unknown}
 h - a scroll of enchant armour {unknown}
 m - 2 scrolls of enchant weapon {unknown}
 n - a scroll of remove curse {unknown}
Potions
 i - a potion of cancellation {unknown}
 j - 2 potions of haste {unknown}
 l - a potion of curing {unknown}
 p - 2 potions of flight {unknown}
 r - a potion of magic {unknown}
Comestibles
 d - 3 rations


   Skills:
 + Level 1.0 Fighting
 + Level 1.9 Short Blades
 + Level 3.4 Dodging
 + Level 5.1 Stealth
 + Level 0.1 Shields
 + Level 3.0 Spellcasting
 + Level 4.1 Hexes


You had 4 spell levels left.
You knew the following spells:

 Your Spells              Type           Power        Failure   Level  Hunger
a - Corona                Hex            ###....      5%          1    #......
b - Confuse               Hex            ###.....     17%         3    ###....

Your spell library contained the following spells:

 Spells                   Type           Power        Failure   Level  Hunger
 Tukima's Dance           Hex            ###.....     17%         3    ###....
 Ensorcelled Hibernation  Hex/Ice        #.....       19%         2    ##.....
 Dazzling Spray           Conj/Hex       #.....       36%         3    ###....


Dungeon Overview and Level Annotations

Branches:
Dungeon (2/15)

Altars:


Innate Abilities, Weirdness & Mutations

You are very small and have problems with some larger weapons.
You are too small for most types of armour.
You have supernaturally acute eyesight. (SInv)
You are a herbivore.
You cover ground extremely quickly.
You need to consume almost no food.


Message History

You start resting.
HP restored.
Done exploring.
The gnoll shouts!
The gnoll misses you. The gnoll hits you with a spear!
You hit the gnoll.
The gnoll is lightly wounded.
You hit the gnoll.
The gnoll is lightly wounded.
The gnoll hits you with a spear!
Ouch! That really hurt!
* * * LOW HITPOINT WARNING * * *
You barely miss the gnoll.
The gnoll is lightly wounded.
The gnoll barely misses you.
You hit the gnoll.
The gnoll is moderately wounded.
The gnoll hits you with a spear.
You die...

#####.....[###### #.# ######.#
................# #.# ##.
#.####.....####.# #.# ## #.#
#.##..# #.# #.# ######### ..#
#.##..####.#####.# #........ ###
#.##......#......# #.#######
#.##.#####.####### #.#
######.##.# ###.####### #.#
..........###..g@.....###.#
.##.........#.#...........#######
###g##.####.#.#.#####.###........
#.##.# #.#.#.# #.# #.####.##
#.##.####.....# #.# #.# #.#
#.##...##...#.# #.# #.####.#
#.####.##...#.# #.# #......#
#.###...#...#.#####.#######..#
#.........................#..#


You could see a gnoll.

Vanquished Creatures
  An adder (D:2)
  An ooze (D:1)
  3 worms (D:2)
  2 leopard geckos
  4 bats
  6 goblins
  4 hobgoblins
  3 jackals
  6 frilled lizards
  4 kobolds
  2 rats (D:1)
36 creatures vanquished.

Notes
Turn   | Place    | Note
-------+----------+-------------------------------------------
     0 | D:1      | Mamutox the Spriggan Enchanter began the quest for the Orb.
     0 | D:1      | Reached XP level 1. HP: 9/9 MP: 5/5
   576 | D:1      | Reached XP level 2. HP: 14/14 MP: 6/6
  1792 | D:2      | Reached skill level 5 in Stealth
  2246 | D:2      | Reached XP level 3. HP: 15/17 MP: 8/8
  2256 | D:2      | Learned a level 3 spell: Confuse
  2303 | D:2      | Reached skill level 1 in Fighting
  3968 | D:1      | Slain by a gnoll

Vault maps used:
D:1:      lightli_arrival_quake
D:2:      nicolae_tso_carved_into_rock

Skill      XL: |  1  2  3 |
---------------+----------+-----
Stealth        | 5 |  5.1
Fighting       | 1 |  1.0
Hexes          | 4 |  4.1
Spellcasting   | 3 |  3.0
Short Blades   | |  1.9
Dodging        | |  3.4
Shields        | |  0.1

Action                   || total
-------------------------++-------
Melee: Dagger            ||   198
 Cast: Corona            ||     3
       Confuse           ||     6
 Stab: Sleeping          ||     5
       Confused          ||     4
  Eat: Ration            ||     1
Armor: Robe              ||     9
Dodge: Dodged            ||   139
Block: Buckler           ||    40

Table legend:
 A = Spawn XP
 B = Non-spawn XP
 C = Spawn XP percentage of total XP
 D = Spawn monster count
 E = Non-spawn monster count
 F = Spawn count percentage of total count
 G = Total turns spent on level
                    A         B        C        D         E        F      G
               +---------+---------+-------+---------+---------+-------+---------
         Total |       0 |      87 |   0.0 |       0 |      36 |   0.0 |  3968
               +---------+---------+-------+---------+---------+-------+---------
           D:1 |       0 |      34 |   0.0 |       0 |      17 |   0.0 |  2410
           D:2 |       0 |      53 |   0.0 |       0 |      19 |   0.0 |  1558
               +---------+---------+-------+---------+---------+-------+---------
